 Dungeon Crawl Stone Soup version 0.29-a0-813-g4a14ea37d6 (webtiles) character file.

Game seed: 13129814436293435765

166 gobodom the Digger (level 5, 0/48 HPs)
             Began as an Octopode Earth Elementalist on July 4, 2022.
             Slain by an orc wizard
             ... wielding a +0 dagger
              (2 damage)
             ... on level 4 of the Dungeon.
             The game lasted 00:08:07 (3672 turns).

gobodom the Digger (Octopode Earth Elementalist)    Turns: 3672, Time: 00:08:07

Health: 0/48       AC:  1    Str: 10    XL:     5   Next: 47%
Magic:  5/10       EV: 13    Int: 17    God:
Gold:   262        SH:  0    Dex: 12    Spells: 9/10 levels left

rFire   . . .      SeeInvis .   h - +0 short sword (drain)
rCold   . . .      Faith    .   (no shield)
rNeg    . . .      Spirit   .   r - +0 hat
rPois   .          Reflect  .   (no amulet)
rElec   .          Harm     .   (no ring)
rCorr   .          Rampage  .   (no ring)
Will    .....                   (no ring)
Stlth   ..........              (no ring)
HPRegen 0.16/turn               (no ring)
MPRegen 0.12/turn               (no ring)
                                (no ring)
                                (no ring)

@: berserking, very quick
A: almost no armour, amphibious, 8 rings, camouflage 1, gelatinous body 1,
(nimble swimmer 1), tentacles
a: no special abilities


You were on level 4 of the Dungeon.
You visited 1 branch of the dungeon, and saw 4 of its levels.

You collected 262 gold pieces.

Inventory:

Hand Weapons
 h - a +0 short sword of draining (weapon)
Missiles
 b - 3 poisoned darts
 l - 5 javelins
Armour
 r - a +0 hat (worn)
Magical Staves
 p - a staff of conjuration
Jewellery
 i - a ring of ice
Scrolls
 d - a scroll of noise {unknown}
 e - a scroll of blinking
 o - a scroll of enchant weapon {unknown}
Potions
 a - a potion of magic
 c - 2 potions of brilliance {unknown}
 g - a potion of haste
 j - 2 potions of heal wounds {unknown}
 m - a potion of mutation
 n - a potion of curing {unknown}
 q - a potion of degeneration {unknown}


   Skills:
 + Level 0.4 Fighting
 + Level 0.6 Short Blades
 + Level 2.4 Dodging
 + Level 3.6 Stealth
 + Level 3.3 Spellcasting
 * Level 0.4 Conjurations
 + Level 1.0 Transmutations
 + Level 4.1 Earth Magic
 * Level 0.4 Evocations


You had 9 spell levels left.
You knew the following spells:

 Your Spells              Type           Power      Damage    Failure   Level
a - Sandblast             Erth           34%        2d9       3%          1

Your spell library contained the following spells:

 Spells                   Type           Power      Damage    Failure   Level
 Passwall                 Tmut/Erth      9%         N/A       9%          2
 Foxfire                  Conj/Fire      12%        2x1d4     16%         1
 Stone Arrow              Conj/Erth      20%        3d8       21%         3
 Conjure Flame            Conj/Fire      3%         6-21      43%         3
 Inner Flame              Hex/Fire       2%         N/A       45%         3
 Petrify                  Tmut/Erth      11%        N/A       50%         4
 Flame Wave               Conj/Fire      3%         2d4       83%         4


Dungeon Overview and Level Annotations

Branches:
Dungeon (4/15)
 Temple: D:4-7

Altars:

Annotations:
D:3 3 runed translucent doors, BubbleThief's ghost, amateur DsFi


Innate Abilities, Weirdness & Mutations

You cannot wear most types of armour.
You are amphibious.
You can wear up to eight rings at the same time.
Your skin changes colour to match your surroundings (Stealth+).
Your rubbery body absorbs attacks. (AC +1, EV +1)
((You are camouflaged when in or above water. (Stealth+)))
You have tentacles for arms and can constrict up to eight enemies at once.


Message History

The blast of sand misses the orc wizard.
The orc wizard hits you with a +0 dagger.
The orc hits you with a +0 mace.
The orc wizard mumbles some strange words.
The orc wizard flickers and vanishes!
Deactivating autopickup; reactivate with Ctrl-A.
The orc completely misses you.
The blast of sand hits the orc.
The orc is severely wounded.
Something hits you. The orc closely misses you. The orc barely misses you.
You hear some strange, mumbled words.
You are confused.
You're too confused to cast spells.
You're too confused to cast spells.
You're too confused to move!
Something hits you. The orc misses you.
You miss the orc.
The orc is heavily wounded.
Something hits you but does no damage. The orc barely misses you.
You hit the orc.
You kill the orc!
Something hits you.
You're too confused to move!
You hear some strange, mumbled words.
A puff of flame appears from out of thin air!
The puff of flame hits you.
* * * LOW HITPOINT WARNING * * *
You are too confused!
A red film seems to cover your vision as you go berserk!
You feel yourself moving faster!
You feel mighty! Something hits you.
* * * LOW HITPOINT WARNING * * *
You bump into the rock wall.
You feel a strong urge to attack something.
You closely miss something. Your squeeze misses something.
You feel less confused.
You hear some strange, mumbled words.
A magic dart appears from out of thin air!
The magic dart hits you.
* * * LOW HITPOINT WARNING * * *
You miss something. Something hits you.
You die...

##### #...#
##.(.#
###.##.#@##.#
.......{)...#
................
..###....#######
#.....# .......#
###.##### #. #.


There were no monsters in sight!

Vanquished Creatures
  Natasha (thrice) (D:2)
  An adder (D:2)
  A dart slug (D:1)
  7 orcs
  3 ball pythons
  4 endoplasms
  2 giant cockroaches
  6 goblins
  6 hobgoblins
  7 jackals (D:2)
  5 kobolds
  8 quokkas
  7 bats
  3 frilled lizards (D:1)
  6 rats
69 creatures vanquished.

Notes
Turn   | Place    | Note
-------+----------+-------------------------------------------
     0 | D:1      | gobodom the Octopode Earth Elementalist began the quest for
                  | the Orb.
     0 | D:1      | Reached XP level 1. HP: 11/11 MP: 3/3
   154 | D:1      | Reached XP level 2. HP: 17/17 MP: 3/5
   581 | D:1      | Reached XP level 3. HP: 20/21 MP: 2/6
  1348 | D:2      | Noticed Natasha
  1352 | D:2      | Killed Natasha
  1353 | D:2      | Reached XP level 4. HP: 13/27 MP: 5/8
  1990 | D:2      | Noticed Natasha
  1997 | D:2      | Killed Natasha
  1998 | D:2      | Reached skill level 4 in Earth Magic
  2459 | D:3      | Reached XP level 5. HP: 31/31 MP: 9/9
  3062 | D:3      | Found a runed translucent gate.
  3062 | D:3      | Found a runed translucent gate.
  3063 | D:3      | Found a runed translucent gate.
  3067 | D:3      | Noticed BubbleThief's ghost (amateur DsFi)
  3161 | D:3      | Found a faded altar of an unknown god.
  3447 | D:2      | Noticed Natasha
  3456 | D:2      | Killed Natasha
  3671 | D:4      | HP: 2/48 [something/magic dart (6)]
  3672 | D:4      | Slain by an orc wizard

Illustrated notes

Levels and vault maps discovered:
D:1:      scummos_arrival_gate, layout_loops_ring, kennysheep_nondescript,
          columned_hall_lemuel
D:2:      layout_loops_ring, chequers_jeans, uniq_natasha
D:3:      layout_loops_ring, hellmonk_ecumenical_altar_prayer_group,
          gammafunk_ghost_necromancy
D:4:      old_forge, layout_loops_corners, lemuel_round_altar,
          general_overflow_altar, serial_undead, serial_undead_f,
          serial_undead_b, serial_undead_d, serial_undead_a,
          nicolae_elevator_lobby_asterisk

Skill      XL: |  1  2  3  4 |
---------------+-------------+-----
Stealth        | 3 |  3.6
Spellcasting   | 3 |  3.3
Earth Magic    | 4 |  4.1
Fighting       | |  0.4
Short Blades   | |  0.6
Dodging        | |  2.4
Conjurations   | |  0.4
Transmutations | |  1.0
Evocations     | |  0.4

Action                   |  1- 3 |  4- 6 || total
-------------------------+-------+-------++-------
Melee: Short sword       |    23 |    27 ||    50
       Constrict         |     3 |     3 ||     6
       Tentacles         |     3 |     1 ||     4
 Cast: Sandblast         |    34 |    41 ||    75
  Use: Scroll            |       |     3 ||     3
       Potion            |       |     1 ||     1
 Stab: Sleeping          |     4 |     6 ||    10
Armor: Skin              |     2 |     3 ||     5
Dodge: Dodged            |    17 |    40 ||    57

Table legend: (Time is in decaauts)
 A = Elapsed time spent in this place.
 B = Non-inter-level travel time spent in this place.
 C = Inter-level travel time spent in this place.
 D = Time resting spent in this place.
 E = Time spent auto-exploring this place.
 F = Levels seen in this place.
 G = Mean time per level.
                   A        B        C        D        E       F      G
               +--------+--------+--------+--------+--------+-----+--------+
         Total |   3759 |   3618 |    141 |    130 |   2867 |   4 |  939.8 |
       Dungeon |   3759 |   3618 |    141 |    130 |   2867 |   4 |  939.8 |
               +--------+--------+--------+--------+--------+-----+--------+

Top non-repeatable levels by time:
     D:2: 1523 daAuts
     D:1: 1136 daAuts
     D:3: 1080 daAuts
     D:4: 20 daAuts
